 Dungeon Crawl Stone Soup version 0.29-a0-878-g7b45a56547 (webtiles) character file.

Game seed: 3134611625365790254

4692 quixfox the Geomancer (level 10, -14/60 HPs)
             Began as a Gargoyle Earth Elementalist on July 20, 2022.
             Was a Believer of Vehumet.
             Killed by the air
             ... invoked by Gastronok
              (24 damage)
             ... on level 9 of the Dungeon.
             The game lasted 00:39:35 (10129 turns).

quixfox the Geomancer (GrEE)                       Turns: 10129, Time: 00:39:36

Health: -14/60     AC: 12    Str: 18    XL:     10   Next: 44%
Magic:  0/20       EV: 15    Int: 20    God:    Vehumet [**....]
Gold:   659        SH:  0    Dex: 10    Spells: 17/23 levels left

rFire   + . .      SeeInvis .   c - staff of earth
rCold   . . .      Faith    .   (no shield)
rNeg    + . .      Spirit   +   F - +0 leather armour {rF+}
rPois   ∞          Reflect  .   t - +1 helmet
rElec   +          Harm     .   (no cloak)
rCorr   .          Rampage  .   (no gloves)
Will    .....                   (no boots)
Stlth   ++........              d - amulet of guardian spirit
HPRegen 0.20/turn               D - +6 ring of strength
MPRegen 0.17/turn               G - +4 ring of evasion

@: slowed, very slow
A: sickness immunity, AC +7, negative energy resistance 1, electricity
resistance, torment resistance 1, petrification resistance
a: Renounce Religion


You were on level 9 of the Dungeon.
You worshipped Vehumet.
Vehumet was pleased with you.
You visited 2 branches of the dungeon, and saw 10 of its levels.
You also visited: Sewer.

You collected 659 gold pieces.

Inventory:

Hand Weapons
 v - a +5 dagger of freezing
Armour
 t - a +1 helmet (worn)
 F - a +0 leather armour of fire resistance (worn)
Magical Staves
 c - a staff of earth (weapon)
Jewellery
 d - an amulet of guardian spirit (around neck)
 D - a +6 ring of strength (left hand)
 G - a +4 ring of evasion (right hand)
Wands
 k - a wand of flame (20)
 w - a wand of paralysis (7)
 A - a wand of polymorph (2)
Scrolls
 i - a scroll of identify
 j - a scroll of magic mapping
 q - a scroll of summoning
 r - 2 scrolls of teleportation
 y - a scroll of poison
 C - a scroll of enchant weapon
 H - a scroll of enchant armour
 I - a scroll of amnesia {unknown}
 J - a scroll of brand weapon {unknown}
Potions
 a - a potion of invisibility {unknown}
 b - a potion of magic
 e - 2 potions of attraction
 f - 7 potions of curing
 g - 2 potions of resistance {unknown}
 h - 2 potions of ambrosia {unknown}
 l - a potion of haste {unknown}
 m - a potion of berserk rage {unknown}
 n - 4 potions of heal wounds {unknown}
 o - a potion of might {unknown}
 p - a potion of degeneration {unknown}
 s - a potion of cancellation {unknown}
 x - 3 potions of flight
 B - 2 potions of brilliance {unknown}
 E - a potion of lignification {unknown}


   Skills:
 + Level 6.1 Fighting
 + Level 3.4 Staves
 + Level 3.7 Armour
 - Level 1.5 Dodging
 - Level 2.1 Stealth
 + Level 7.2 Spellcasting
 + Level 6.1 Conjurations
 - Level 0.7 Transmutations
 + Level 9.9 Earth Magic
 + Level 3.2 Evocations


You had 17 spell levels left.
You knew the following spells:

 Your Spells              Type           Power      Damage    Failure   Level
a - Sandblast             Erth           100%       2d20      1%          1
b - Passwall              Tmut/Erth      35%        N/A       1%          2
c - Stone Arrow           Conj/Erth      100%       3d13      1%          3

Your spell library contained the following spells:

 Spells                   Type           Power      Damage    Failure   Level
 Shock                    Conj/Air       76%        1d7       3%          1
 Petrify                  Tmut/Erth      42%        N/A       12%         4
 Gell's Gravitas          Tloc           7%         N/A       32%         3
 Teleport Other           Tloc           7%         N/A       32%         3
 Dispersal                Tloc           3%         N/A       100%        6


Dungeon Overview and Level Annotations

Branches:
Dungeon (9/15)             Temple (1/1) D:6           Sewer (visited)
   Lair: D:8-11         Orc: D:9-12

Altars:
Ashenzari
Cheibriados
Dithmenos
Elyvilon
Fedhas
Gozag
Hepliaklqana
Kikubaaqudgha
Makhleb
Nemelex Xobeh
Okawaru
Qazlal
Ru
Sif Muna
Trog
Uskayaw
Vehumet
Wu Jian
Xom
Zin

Shops:
D:2 (   D:3 [

Annotations:
D:9 Gastronok


Innate Abilities, Weirdness & Mutations

You are immune to sickness and miasma.
Your stone body is resilient. (AC +7)
You are immune to poison.
You resist negative energy. (rN+)
You are resistant to electric shocks. (rElec)
You are resistant to unholy torment.
You are immune to petrification.


Message History

You climb downwards.
Level annotation: Gastronok
There is a stone staircase leading up here.
You hit Gastronok but do no damage. You hit Gastronok but do no damage.
You shatter Gastronok.
Gastronok is lightly wounded.
Gastronok closely misses you.
You hit Gastronok but do no damage.
You shatter Gastronok.
Gastronok is lightly wounded.
You hit Gastronok but do no damage.
Gastronok is lightly wounded.
Gastronok bites you!
You hit Gastronok but do no damage.
Gastronok is lightly wounded.
You hit Gastronok.
Gastronok is lightly wounded.
Gastronok bites you!
You hit Gastronok but do no damage.
Gastronok is lightly wounded.
You hit Gastronok but do no damage.
You shatter Gastronok!
Gastronok is lightly wounded.
Gastronok casts a spell at you.
You feel yourself slow down.
You hit Gastronok.
Gastronok is lightly wounded.
Gastronok bites you but does no damage.
You hit Gastronok.
You shatter Gastronok!
Gastronok is lightly wounded.
You hit Gastronok but do no damage.
Gastronok is lightly wounded.
Gastronok bites you!
You hit Gastronok but do no damage.
Gastronok is lightly wounded.
Gastronok gurgles, "I'll eat you, I will!"
Gastronok waves his eye-stalks in wide circles.
The air twists around and strikes you!!!
* * * LOW HITPOINT WARNING * * *
Gastronok waves his eye-stalks in wide circles.
The air twists around and strikes you!!
You die...

##..# .# #..)### ..#
.)))§w##############..###
'''##§§§.................
... #§§§§..w.............
... #§###########.######
... #≈# #w# ...
#≈###########.##########
..)
#≈..........@...........
###
#≈.......<.............#
≈≈.................>...#
##.....................#
.............[.......#
.....................#
#.....................#
#.....................#
#....................##


You could see Gastronok.

Vanquished Creatures
  Joseph (D:9)
  A troll (D:8)
  A wraith (D:9)
  6 yaks (D:8)
  A water moccasin (D:7)
  3 ice beasts
  4 ogres
  2 sky beasts (D:7)
  A phantom (D:4)
  6 kobold brigands
  3 bullfrogs
  A gnoll sergeant (D:9)
  2 necrophages (D:6)
  3 scorpions
  3 wights (D:8)
  2 electric eels (D:7)
  3 howler monkeys
  2 jellies (D:5)
  5 orc priests
  3 hounds
  7 iguanas
  5 orc wizards
  3 gnolls
  8 adders
  2 river rats (Sewer)
  2 white imps
  6 worms
  3 dart slugs
  29 orcs
  5 ball pythons
  6 bats
  11 endoplasms
  4 giant cockroaches
  3 goblins
  4 hobgoblins
  2 jackals (D:1)
  10 quokkas
  A frilled lizard (D:3)
  17 kobolds
  7 rats
188 creatures vanquished.

Vanquished Creatures (others)
  A plant (D:2)
1 creature vanquished.

Grand Total: 189 creatures vanquished

Notes
Turn   | Place    | Note
-------+----------+-------------------------------------------
     0 | D:1      | quixfox the Gargoyle Earth Elementalist began the quest for
                  | the Orb.
     0 | D:1      | Reached XP level 1. HP: 10/10 MP: 3/3
   175 | D:1      | Reached XP level 2. HP: 15/15 MP: 3/5
   286 | D:1      | Reached skill level 4 in Earth Magic
   641 | D:1      | Reached XP level 3. HP: 19/19 MP: 4/6
  1319 | D:2      | Found a faded altar of an unknown god.
  1555 | D:2      | Found Kapuduug's Weapon Emporium.
  1786 | D:2      | Reached XP level 4. HP: 24/24 MP: 6/8
  1862 | D:3      | Found an ornate altar of the Wu Jian Council.
  1871 | D:3      | Reached skill level 5 in Earth Magic
  1959 | D:3      | Found a glowing drain.
  2036 | Sewer    | Entered a sewer
  2283 | Sewer    | Noticed a kobold brigand
  2284 | Sewer    | Noticed a kobold brigand
  2288 | Sewer    | Killed a kobold brigand
  2289 | Sewer    | Reached XP level 5. HP: 24/28 MP: 6/10
  2291 | Sewer    | Killed a kobold brigand
  2292 | Sewer    | Reached skill level 6 in Earth Magic
  2292 | Sewer    | Reached XP level 6. HP: 22/32 MP: 4/12
  2399 | Sewer    | Learned a level 2 spell: Passwall
  2403 | Sewer    | Learned a level 3 spell: Stone Arrow
  2675 | D:3      | Found Zifirai's Armour Shop.
  2760 | D:3      | Found a glowing silver altar of Zin.
  2776 | D:3      | Reached XP level 7. HP: 36/36 MP: 12/14
  2789 | D:3      | Found a snail-covered altar of Cheibriados.
  2811 | D:3      | Reached skill level 7 in Earth Magic
  3332 | D:4      | Reached skill level 5 in Spellcasting
  3362 | D:4      | Reached skill level 1 in Fighting
  3362 | D:4      | Reached skill level 1 in Conjurations
  3970 | D:4      | Reached XP level 8. HP: 45/45 MP: 13/16
  4219 | D:5      | Entered Level 5 of the Dungeon
  4669 | D:5      | Reached skill level 8 in Earth Magic
  5035 | D:6      | Found a staircase to the Ecumenical Temple.
  5044 | Temple   | Entered the Ecumenical Temple
  5505 | D:6      | Found a radiant altar of Vehumet.
  5516 | D:6      | Became a worshipper of Vehumet
  5989 | D:7      | Found an opulent altar of Gozag.
  6070 | D:7      | Reached XP level 9. HP: 52/52 MP: 15/18
  6078 | D:7      | Found a hazy altar of Hepliaklqana.
  6373 | D:7      | Found a hide-covered altar of Uskayaw.
  6519 | D:7      | Reached skill level 9 in Earth Magic
  6710 | D:7      | Reached skill level 1 in Staves
  6710 | D:7      | Reached skill level 1 in Armour
  6755 | D:7      | Reached skill level 1 in Evocations
  6850 | D:7      | Reached skill level 5 in Conjurations
  6860 | D:7      | Reached skill level 5 in Fighting
  7090 | D:7      | Found a shimmering altar of Xom.
  7093 | D:7      | Found a white marble altar of Elyvilon.
  7907 | D:8      | Reached * piety under Vehumet
  7907 | D:8      | Offered knowledge of Freeze by Vehumet.
  7919 | D:8      | Reached XP level 10. HP: 41/60 MP: 10/20
  8305 | D:9      | Noticed Joseph
  8369 | D:9      | Noticed Gastronok
  8720 | D:9      | Noticed a two-headed ogre
  8738 | D:8      | HP: 2/60 [troll (12)]
  9495 | D:9      | Killed Joseph
  9791 | D:9      | Offered knowledge of Shock by Vehumet.
  9800 | D:9      | Reached ** piety under Vehumet
 10129 | D:9      | Killed from afar by Gastronok

Illustrated notes

Levels and vault maps discovered:
D:1:      shiori_shiawase, layout_basic
D:2:      layout_loops_ring, serial_shops, nicolae_square_shop,
          dreamdust_ecumenical_altar_grove
D:3:      layout_rooms, zin_statuary, mainiacjoe_overflow_brackets,
          cheibriados_altar_1, serial_shops, shop, cheibrodos_sewer_entry_bend
D:4:      minmay_diamond_boxcup, layout_gridville, minmay_misc_feat_enclosed
D:5:      layout_basic
D:6:      layout_basic, vehumet_altar_wand_db, minmay_temple_entry_arrows
D:7:      layout_loops_ring, nicolae_overflow_squiral,
          mainiacjoe_overflow_catwalk, nicolae_gozag_seed_capital,
          amcnicky_altar_gilded, serial_co_window_serial, co_window_paths_a,
          co_window_paths_a, co_window_corner_a, co_window_paths_a,
          co_window_corner_a, co_window_paths_a, co_window_paths_a,
          co_window_of_opportunity_c, co_window_cross_2,
          co_window_of_opportunity_c, co_window_broadway_a, co_window_corner_b,
          co_window_corner_b, serial_bayou_crossing
D:8:      layout_basic, kennysheep_generic_room_12
D:9:      minmay_statue_hallways, layout_long_grid, overflow_temple_1_default,
          minmay_orc_keep, uniq_gastronok, uniq_maggie, uniq_joseph
Temple:   nicolae_temple_bog_church

Skill      XL: |  1  2  3  4  5  6  7  8  9 10 |
---------------+-------------------------------+-----
Earth Magic    | 4 5 6 7 8 9 |  9.9
Spellcasting   | 3 4 5 6 7 |  7.2
Fighting       | 2 4 5 6 |  6.1
Conjurations   | 2 4 5 6 |  6.1
Staves         | 2 3 |  3.4
Armour         | 2 3 |  3.7
Evocations     | 2 3 |  3.2
Dodging        | |  1.5
Stealth        | |  2.1
Transmutations | |  0.7

Action                   |  1- 3 |  4- 6 |  7- 9 | 10-12 || total
-------------------------+-------+-------+-------+-------++-------
Melee: Staff             |       |       |     8 |    12 ||    20
 Cast: Sandblast         |    51 |    50 |   151 |    67 ||   319
Evoke: Wand              |       |       |     3 |     1 ||     4
  Use: Scroll            |       |     1 |    12 |     3 ||    16
Armor: Robe              |     2 |     6 |    23 |       ||    31
       Leather armour    |       |       |     6 |    35 ||    41
Dodge: Dodged            |     4 |    11 |    49 |    82 ||   146

Table legend: (Time is in decaauts)
 A = Elapsed time spent in this place.
 B = Non-inter-level travel time spent in this place.
 C = Inter-level travel time spent in this place.
 D = Time resting spent in this place.
 E = Time spent auto-exploring this place.
 F = Levels seen in this place.
 G = Mean time per level.
                   A        B        C        D        E       F      G
               +--------+--------+--------+--------+--------+-----+--------+
         Total |  10547 |  10270 |    277 |   2396 |   4983 |  11 |  958.8 |
       Dungeon |   9662 |   9385 |    277 |   2071 |   4716 |   9 | 1073.6 |
        Temple |    180 |    180 |      0 |      0 |    142 |   1 |  180.0 |
         Sewer |    704 |    704 |      0 |    325 |    124 |   1 |  704.0 |
               +--------+--------+--------+--------+--------+-----+--------+

Top non-repeatable levels by time:
     D:7: 1856 daAuts
     D:8: 1842 daAuts
     D:1: 1241 daAuts
     D:4: 1110 daAuts
     D:6: 862 daAuts
     D:5: 759 daAuts
     D:3: 736 daAuts
   Sewer: 704 daAuts
     D:2: 636 daAuts
     D:9: 616 daAuts
  Temple: 180 daAuts
